 Dungeon Crawl Stone Soup version 0.18.1-48-g4cf74bf (webtiles) character file.

179 MistressOfTheDunes the Insei (level 5, -7/41 HPs)
             Began as a Mummy Monk on July 20, 2016.
             Mangled by daning's ghost (9 damage)
             ... on level 3 of the Dungeon.
             The game lasted 00:03:57 (4100 turns).

MistressOfTheDunes the Insei (Mummy Monk)           Turns: 4100, Time: 00:03:58

Health: -7/41      AC:  1    Str: 14    XL:     5   Next: 33%
Magic:  5/5        EV: 13    Int:  9    God:
Gold:   135        SH:  0    Dex: 16    Spells: 0 memorised, 4 levels left

rFire  x . .     SeeInvis .       - Unarmed
rCold  + . .     Gourm    .     (no armour)
rNeg   + + +     Faith    .     (no shield)
rPois  ∞         Spirit   .     (no helmet)
rElec  .         Dismiss  .     h - +0 cloak
rCorr  .         Reflect  .     (no gloves)
SustAt .         Harm     .     (no boots)
MR     .....                    (no amulet)
Stlth  ++........               (no ring)
                                (no ring)

@: not resistant to hostile enchantments, unstealthy
A: no food or potions, fire vulnerability, cold resistance 1, negative energy
resistance 3, torment resistance, unbreathing
a: no special abilities


You were on level 3 of the Dungeon.
You were not hungry.

You visited 1 branch of the dungeon, and saw 3 of its levels.

You collected 135 gold pieces.


Innate Abilities, Weirdness & Mutations

You do not eat or drink.
Your flesh is vulnerable to fire.
You are immune to poison.
Your flesh is cold resistant.
You are immune to negative energy.
You are immune to unholy pain and torment.
You can survive without breathing.


   Skills:
 - Level 3.0 Fighting
 + Level 3.3 Dodging
 - Level 1.5 Stealth
 - Level 5.0 Unarmed Combat


You had 4 spell levels left.
You didn't know any spells.

Inventory:

Armour
 a - a +0 robe
 h - a +0 cloak (worn)
 i - a +0 shield
Scrolls
 b - a scroll of teleportation {unknown}
 c - a scroll of identify {unknown}
 d - 2 scrolls of noise {unknown}
 e - a scroll of immolation {unknown}
 f - a scroll of enchant armour {unknown}
 g - a scroll of remove curse {unknown}

Dungeon Overview and Level Annotations

Branches:
Dungeon (3/15)

Altars:
Cheibriados
Makhleb

Annotations:
D:3 daning's ghost, amateur HESk

▒........▒▒.▒
▒▒▒▒▒▒▒▒▒▒▒.▒
▒.▒▒▒▒▒▒▒▒.▒
▒..........▒
▒...▒▒▒▒▒▒▒▒
▒▒▒.▒
▒..▒▒▒.▒▒▒▒▒
▒........W.▒
▒.▒▒▒▒.▒▒▒M▒
.... ▒.▒
▒.▒£▒ ▒.▒
▒.▒.▒ ▒.▒ .
▒.▒ ▒.▒ . ..▒
▒.▒ ▒▒ ▒▒ ▒.▒
..▒


You could see daning's ghost.


Message History

The goblin hits you with a dagger!
You barely miss the goblin! The goblin misses you!
You miss the goblin! The goblin hits you with a dagger!
You closely miss the goblin! The goblin barely misses you!
You closely miss the goblin! The goblin completely misses you!
You pulverise daning's ghost!
Daning's ghost is lightly damaged!
Daning's ghost hits you! The goblin barely misses you!
You pummel daning's ghost but do no damage!
Daning's ghost is lightly damaged!
Daning's ghost hits you!!! The goblin hits you with a dagger!
Here: daning's ghost (lightly damaged)
The floor!
You miss the goblin!
Daning's ghost hits you! * * * don't die
* * * The goblin closely misses you!
You closely miss the goblin! Daning's ghost barely misses you!
The goblin hits you with a dagger! * * * don't die
* * * You pummel the goblin but do no damage!
Daning's ghost whispers, "You will understand me better in a moment!"
Daning's ghost hits you!!! * * * don't die
* * * You beat the goblin into a bloody pulp!
You annihilate the goblin!!!
Daning's ghost hits you! * * * don't die
* * * You see here a dagger!
Daning's ghost hits you!!! rip

Action                   |  1- 3 |  4- 6 || total
-------------------------+-------+-------++-------
Melee: Unarmed           |   157 |   149 ||   306
       Punch             |     2 |     8 ||    10
 Stab: Sleeping          |     5 |       ||     5
Armor: Robe              |    19 |       ||    19
       Skin              |       |     8 ||     8
Dodge: Dodged            |    98 |    99 ||   197

Vault maps used:
D:1:      erik_arrival_gehennom
D:2:      lemuel_coloured_pillars_altar, lemuel_round_altar,
          uniq_crazy_yiuf_cottage, uniq_terence
D:3:      grunt_temple_overflow_forces_of_nature, trog_three_pillars_becter

Notes
Turn   | Place    | Note
--------------------------------------------------------------
     0 | D:1      | MistressOfTheDunes the Mummy Monk began the quest for the Orb.
     0 | D:1      | Reached XP level 1. HP: 18/18 MP: 1/1
   269 | D:1      | Reached XP level 2. HP: 17/24 MP: 2/2
   534 | D:1      | Reached skill level 4 in Unarmed Combat
   686 | D:1      | Reached XP level 3. HP: 19/29 MP: 3/3
  1977 | D:2      | Noticed Crazy Yiuf
  1989 | D:2      | Killed Crazy Yiuf
  1989 | D:2      | Reached XP level 4. HP: 35/35 MP: 4/4
  2032 | D:2      | Found a snail-covered altar of Cheibriados.
  2185 | D:2      | Reached skill level 5 in Unarmed Combat
  2746 | D:2      | Found a burning altar of Makhleb.
  3069 | D:2      | Noticed Terence
  3528 | D:1      | Killed Terence
  3528 | D:1      | Reached skill level 3 in Dodging
  3528 | D:1      | Reached XP level 5. HP: 11/41 MP: 5/5
  3863 | D:3      | Noticed daning's ghost (amateur HESk)
  4097 | D:3      | HP: 1/41 [daning's ghost (6)]
  4100 | D:3      | Mangled by daning's ghost

Vanquished Creatures
  Crazy Yiuf (D:2)
  Terence (D:1)
  4 adders
  3 oozes
  3 worms
  3 giant geckos
  2 ball pythons
  6 bats
  2 giant cockroaches
  10 goblins
  5 hobgoblins
  10 jackals
  7 kobolds
  3 giant newts
  6 rats
66 creatures vanquished.
